 Dungeon Crawl Stone Soup version 0.28.0-45-g0d030f2227 (webtiles) character file.

Game seed: 2059450064697811942

333 Bruhh the Magician (level 6, -4/46 HPs)
             Began as a Djinni Cinder Acolyte on Apr 24, 2022.
             Was a High Priest of Ignis.
             Slain by Pikel
             ... wielding a +1 whip of freezing
              (9 damage)
             ... on level 3 of the Dungeon.
             The game lasted 00:06:55 (6169 turns).

Bruhh the Magician (Djinni Cinder Acolyte)          Turns: 6169, Time: 00:06:56

Health: -4/46      AC:  2    Str: 13    XL:     6   Next: 83%
Gold:   201        EV: 11    Int: 17    God:    Ignis [*****.] SH:  0 Dex:  9

rFire   + + +      SeeInvis .   a - -1 falchion (flame)
rCold   x . .      Faith    .   (no shield)
rNeg    . . .      Spirit   .   b - +0 robe
rPois   ∞          Reflect  .   (no helmet)
rElec   .          Harm     .   (no cloak)
rCorr   .          Rampage  .   (no gloves)
Will    .....                   (boots unavailable)
Stlth   +.........              (no amulet)
HPRegen 0.15/turn               (no ring)
MPRegen 0.00/turn               (no ring)

@: flying
A: sickness immunity, fire resistance 2, cold vulnerability 1, float, innate
caster, HP casting, extra vitality 1
a: Renounce Religion, Fiery Armour, Foxfire Swarm, Rising Flame


You were on level 3 of the Dungeon.
You worshipped Ignis.
Ignis was extremely pleased with you.
You visited 1 branch of the dungeon, and saw 4 of its levels.

You collected 201 gold pieces.

Inventory:

Hand Weapons
 a - a -1 falchion of flaming (weapon)
Armour
 b - a +0 robe (worn)
Scrolls
 d - 2 scrolls of teleportation {unknown}
 f - 2 scrolls of identify {unknown}
 g - 2 scrolls of holy word {unknown}
 h - a scroll of enchant armour {unknown}
 j - 2 scrolls of immolation {unknown}
 m - 3 scrolls of silence {unknown}
Potions
 c - 2 potions of heal wounds {unknown}
 e - a potion of lignification {unknown}
 i - a potion of cancellation {unknown}
 k - a potion of flight {unknown}
 l - a potion of invisibility {unknown}
 n - a potion of curing {unknown}


   Skills:
 - Level 3.0 Fighting
 - Level 2.6 Long Blades
 + Level 5.5 Spellcasting


You had 11 spell levels left.
You knew the following spells:

 Your Spells              Type           Power      Damage    Failure   Level
a - Scorch                Fire           46%        2d7       2%          2
b - Freeze                Ice            92%        1d10      1%          1
c - Searing Ray           Conj           46%        2d6       2%          2
Your spell library was empty.

Dungeon Overview and Level Annotations

Branches:
Dungeon (4/15)
 Temple: D:4-7

Altars:
Ashenzari

Annotations:
D:3 2 transporters, Ablot's ghost, amateur GnCK; Pikel


Innate Abilities, Weirdness & Mutations

You are immune to sickness and miasma.
You are immune to poison.
Your flesh is very heat resistant. (rF++)
You are vulnerable to cold. (rC-)
You float through the air rather than walking.
You learn spells naturally, not from books.
Your magical power is your life essence.
You have superior vitality. (+4 MHP)


Message History

The foxfire hits Pikel.
Pikel is moderately wounded.
The foxfire hits Pikel but does no damage.
Pikel is moderately wounded.
The foxfire hits Pikel but does no damage.
Pikel is moderately wounded.
The foxfire hits Pikel but does no damage.
Pikel is moderately wounded.
The foxfire hits Pikel.
Pikel is heavily wounded.
The foxfire hits Pikel.
Pikel is heavily wounded.
The foxfire hits Pikel.
Pikel is heavily wounded.
The foxfire hits Pikel.
Pikel is heavily wounded.
The foxfire hits Pikel but does no damage.
Pikel is heavily wounded.
The foxfire hits Pikel.
Pikel is severely wounded.
Casting: Scorch (safe; 2% risk of failure)
Confirm with . or Enter, or press ? or * to list all spells.
Flames lash Pikel.
Pikel is severely wounded.
Pikel's fire resistance burns away.
* * * LOW HITPOINT WARNING * * *
Pikel is no longer more vulnerable to fire.
Hit: a) -1 falchion (flame)
Press: ? - help, Dir - move target, f - Pikel
Aim: Pikel, wielding a +1 whip of freezing and wearing a +0 robe (severely wounded, about 55% to evade your -1 falchion of flaming)
Okay, then.
Pikel barely misses you.
Casting: Scorch (safe; 2% risk of failure)
Confirm with . or Enter, or press ? or * to list all spells.
Flames lash Pikel but do no damage.
* * * LOW HITPOINT WARNING * * *
Pikel misses you.
Unknown command.
Pikel hits you with a +1 whip of freezing!
You die...

#.# #†##.#.###.##.# #.......###
#.# #>##..## ##.#.#####.......#>.
#.###......###..........#####.#..
#.....#####.#.#####....## #.#..
#####.# ##.## #....# #.##. #.#
#.# #....# #.##. #.#
#.######....## #.##. #####.#
#.#...##.....## #.... ......#
##.#.#@........# #.... #######
#..#.K.##...#..####...#
#.###.###...#..##.....# #.# #.#
#...........### #.# #.#
#.............# #.# #.#
#.......<.....# #.###.#
######.#####... #.....# #.# #..#
####### #.# #).:


You could see Pikel.

Vanquished Creatures
  A hound (D:3)
  An orc priest (D:3)
  An iguana (D:4)
  5 orc wizards
  4 adders
  2 dart slugs
  8 orcs
  7 ball pythons
  4 bats
  10 endoplasms
  4 giant cockroaches
  8 goblins
  6 hobgoblins
  3 quokkas
  6 frilled lizards
  5 kobolds
  5 rats
80 creatures vanquished.

Vanquished Creatures (others)
  14 foxfires (D:3)
  21 plants (D:4)
35 creatures vanquished.

Grand Total: 115 creatures vanquished

Notes
Turn   | Place    | Note
-------+----------+-------------------------------------------
     0 | D:1      | Bruhh the Djinni Cinder Acolyte began the quest for the
                  | Orb.
     0 | D:1      | Reached XP level 1. HP: 20/20 MP: 0/0
   296 | D:1      | Reached XP level 2. HP: 25/25 MP: 0/0
   436 | D:1      | Found a faded altar of an unknown god.
   577 | D:1      | Reached skill level 3 in Spellcasting
   894 | D:1      | Reached XP level 3. HP: 27/30 MP: 0/0
   894 | D:1      | Learned a level 1 spell: Freeze
  1992 | D:2      | Reached XP level 4. HP: 21/35 MP: 0/0
  2612 | D:3      | Found a transporter.
  2618 | D:3      | Noticed Ablot's ghost (amateur GnCK)
  2620 | D:3      | Noticed an ogre
  2623 | D:3      | Found a transporter.
  2942 | D:3      | Found a broken altar of Ashenzari.
  2962 | D:3      | Reached skill level 4 in Spellcasting
  2968 | D:3      | Reached XP level 5. HP: 12/40 MP: 0/0
  2968 | D:3      | Learned a level 2 spell: Searing Ray
  2979 | D:3      | HP: 2/40 [orc/+0 flail (8)]
  3010 | D:3      | HP: 1/40 [something/puff of flame (2)]
  3942 | D:3      | Reached XP level 6. HP: 24/46 MP: 0/0
  4782 | D:3      | Reached skill level 5 in Spellcasting
  5930 | D:4      | Noticed Pikel
  6169 | D:3      | Slain by Pikel

Illustrated notes

Levels and vault maps discovered:
D:1:      dpeg_cavernosity, layout_basic, ebering_ecumenical_altar_hall,
          solitary_fountain, glass_columns_a
D:2:      layout_basic
D:3:      layout_loops_ring, amcnicky_altar_gilded, gammafunk_ghost_smash
D:4:      layout_loops_ring, minmay_misc_feat_hallway, nicolae_grassy_gnolls,
          uniq_crazy_yiuf_cottage, uniq_pikel, uniq_menkaure, uniq_sigmund

Skill      XL: |  1  2  3  4  5  6 |
---------------+-------------------+-----
Spellcasting   | 3 4 5 |  5.5
Fighting       | |  3.0
Long Blades    | |  2.6

Action                   |  1- 3 |  4- 6 || total
-------------------------+-------+-------++-------
Melee: Falchion          |    47 |     5 ||    52
       Punch             |     1 |       ||     1
 Cast: Scorch            |    31 |    76 ||   107
Invok: Foxfire Swarm     |       |     1 ||     1
 Stab: Sleeping          |     1 |       ||     1
Armor: Robe              |    11 |     7 ||    18
Dodge: Dodged            |    29 |    25 ||    54
